 Dungeon Crawl Stone Soup version 0.28-a0-828-g0121872642 (webtiles) character file.

Game seed: 18372608890167402779

104 cheechan the Bolt Thrower (level 4, -11/30 HPs)
             Began as an Octopode Hunter on Nov 10, 2021.
             Killed by nerve-wracking pain
             ... invoked by an orc priest
              (14 damage)
             ... on level 3 of the Dungeon.
             The game lasted 00:09:58 (1508 turns).

cheechan the Bolt Thrower (Octopode Hunter)         Turns: 1508, Time: 00:09:58

Health: -11/30     AC:  1    Str: 11    XL:     4   Next: 80%
Magic:  4/4        EV: 15    Int: 17    God:
Gold:   105        SH:  8    Dex: 19    Spells: 3/3 levels left

rFire   + . .      SeeInvis .   a - +2 hand crossbow
rCold   x . .      Faith    .   o - +0 kite shield of the Lute {Will+ Int+4}
rNeg    . . .      Spirit   .   l - +0 hat
rPois   .          Reflect  .   (no amulet)
rElec   .          Harm     .   f - +6 ring of dexterity
rCorr   .          Rampage  .   g - +4 ring of evasion
Will    +....                   d - ring of fire
Stlth   ++++......              (no ring)
HPRegen 0.10/turn               (no ring)
MPRegen 0.09/turn               (no ring)
                                (no ring)
                                (no ring)

@: no status effects
A: almost no armour, amphibious, 8 rings, camouflage 1, gelatinous body 1,
nimble swimmer 1, tentacles
a: no special abilities


You were on level 3 of the Dungeon.
You visited 1 branch of the dungeon, and saw 3 of its levels.

You collected 105 gold pieces.

Inventory:

Hand Weapons
 a - a +2 hand crossbow (weapon)
 h - a +0 hand axe
 i - a +0 long sword
 m - a +0 hunting sling
Missiles
 c - 7 bolts (quivered ammo)
 k - 45 arrows
 p - 5 boomerangs of dispersal
Armour
 j - a +0 tower shield
 l - a +0 hat (worn)
 o - the +0 kite shield of the Lute (worn) {Will+ Int+4}
   (You acquired it on level 2 of the Dungeon)

   Int:       It affects your intelligence (+4).
   Will:      It increases your willpower.
Jewellery
 d - a ring of fire (on tentacle)
 f - a +6 ring of dexterity (left tentacle)
 g - a +4 ring of evasion (right tentacle)
Scrolls
 n - a scroll of summoning
 q - a scroll of magic mapping {unknown}
Potions
 b - a potion of flight {unknown}
 e - a potion of cancellation {unknown}


   Skills:
 + Level 2.6 Fighting
 + Level 5.5 Crossbows
 + Level 2.1 Dodging
 + Level 1.8 Stealth
 + Level 0.3 Shields


You had 3 spell levels left.
You didn't know any spells.
Your spell library contained the following spells:

 Spells                   Type           Power      Damage    Failure   Level
 Pain                     Necr           0%         1d4       83%         1
 Agony                    Necr           0%         N/A       100%        5
 Excruciating Wounds      Necr           0%         N/A       100%        5


Dungeon Overview and Level Annotations

Branches:
Dungeon (3/15)

Altars:

Shops:
D:1 *   D:3 [[


Innate Abilities, Weirdness & Mutations

You cannot wear most types of armour.
You are amphibious.
You can wear up to eight rings at the same time.
Your skin changes colour to match your surroundings (Stealth+).
Your rubbery body absorbs attacks. (AC +1, EV +1)
You are camouflaged near water. (Stealth+)
You have tentacles for arms and can constrict up to eight enemies at once.


Message History

c - 10 bolts (gained 1)
There is a stone staircase leading down here.
k - 45 arrows (gained 10)
There is a stone staircase leading down here.
An orc wizard comes into view. It is wielding a +0 dagger.
The orc wizard shouts!
There is an entrance to Declea's Antique Armour Boutique here.
An orc comes into view. It is wielding a +0 club.
The orc wizard casts a spell at you. You block the puff of flame.
The orc moves out of view.
Fire: 10 bolts
Press: ? - help, Shift-Dir - straight line, f - you A bullfrog skeleton comes into view.
There is an entrance to Declea's Antique Armour Boutique here.
Fire: 10 bolts
Press: ? - help, Shift-Dir - straight line, f - orc
Aim: an orc, wielding a +0 club and wearing a +0 leather armour (wandering, hasn't noticed you, 69% to hit)
You shoot a bolt. The bolt barely misses the orc.
The orc shouts!
An orc priest comes into view. It is wielding a +0 dagger.
Fire: 9 bolts
Press: ? - help, Shift-Dir - straight line, f - orc priest, p - orc
Aim: an orc priest, wielding a +0 dagger and wearing a +0 ring mail (wandering, hasn't noticed you, 71% to hit)
You shoot a bolt.
The bolt hits the orc priest but does no damage.
The orc priest mumbles some strange prayers to Beogh against you.
Beogh smites you!
Fire: 8 bolts
Press: ? - help, Shift-Dir - straight line, f/p - orc priest
Aim: an orc priest, wielding a +0 dagger and wearing a +0 ring mail (72% to hit)
You shoot a bolt. The bolt hits the orc priest.
The orc priest is moderately wounded.
The orc wizard points at you and mumbles some strange words.
The magic dart hits you!
* * * LOW HITPOINT WARNING * * *
A quokka comes into view.
Okay, then.
The orc priest mumbles some strange prayers to Beogh against you.
Pain shoots through your body!
You die...

#)#####...##.####
..#...............#
#................# #
#................# r#
.....###.........#.##.#
###.# #†#...#.≈.≈..o.#
#. #.#...#≈≈.≈≈# #
#.#...#≈≈∩≈≈##.##
#......≈@≈≈≈(oZ..
#.####.......≈≈≈#.o.(.
#...>....##.#### ###(
#.#.##.##.##.# #.
#........ .. ......#...
.#.#.........##
+.#..##........ # #..
...##..


You could see an orc priest, an orc wizard, an orc, a quokka (wandering) and a
bullfrog skeleton.

Vanquished Creatures
  3 gnolls (D:3)
  3 adders
  2 worms (D:2)
  A dart slug (D:2)
  An orc (D:3)
  2 ball pythons
  3 endoplasms
  5 goblins
  5 hobgoblins
  A quokka (D:2)
  3 bats
  2 frilled lizards
  6 kobolds
  5 rats
42 creatures vanquished.

Notes
Turn   | Place    | Note
-------+----------+-------------------------------------------
     0 | D:1      | cheechan the Octopode Hunter began the quest for the Orb.
     0 | D:1      | Reached XP level 1. HP: 14/14 MP: 1/1
    13 | D:1      | Found Cieniehe's General Store.
   383 | D:1      | Reached XP level 2. HP: 19/19 MP: 2/2
   617 | D:2      | Reached XP level 3. HP: 20/24 MP: 3/3
   915 | D:2      | Found a faded altar of an unknown god.
  1052 | D:2      | Reached skill level 5 in Crossbows
  1086 | D:2      | Identified a scroll of acquirement
  1086 | D:2      | Acquired the +0 kite shield of the Lute {Will+ Int+4}
  1318 | D:3      | Reached XP level 4. HP: 30/30 MP: 4/4
  1428 | D:3      | Found Dyudghyor's Antique Armour Emporium.
  1447 | D:3      | Found Declea's Antique Armour Boutique.
  1508 | D:3      | Killed from afar by an orc priest

Illustrated notes

Levels and vault maps discovered:
D:1:      minmay_arrival_four_houses, layout_rooms, serial_shops, shop,
          minmay_misc_feat_alley
D:2:      layout_rooms, serial_aquarium, aquarium_bridge_long_separate
          [aquarium_subvault_bridge, aquarium_subvault_wall,
          aquarium_subvault_bridge, aquarium_subvault_window,
          aquarium_subvault_bridge, aquarium_subvault_wall],
          aquarium_window_fake, aquarium_window_fake, aquarium_view_2g,
          aquarium_pool_side, basic_ecumenical_altar, minmay_pentomino_p4
D:3:      minmay_chambers_of_twos, layout_loops_cross, serial_shops,
          nicolae_shop_window_shopping, nicolae_shop_waterfront, shop, shop,
          minmay_checkerbox

Skill      XL: |  1  2  3 |
---------------+----------+-----
Crossbows      | 5 |  5.5
Fighting       | |  2.6
Dodging        | |  2.1
Stealth        | |  1.8
Shields        | |  0.3

Action                   |  1- 3 |  4- 6 || total
-------------------------+-------+-------++-------
Melee: Hand crossbow     |     7 |     4 ||    11
       Constrict         |     4 |     2 ||     6
       Tentacles         |     2 |     2 ||     4
 Fire: Hand crossbow     |    60 |    23 ||    83
  Use: Scroll            |     6 |       ||     6
Dodge: Dodged            |     7 |     6 ||    13
Block: Tower shield      |    12 |       ||    12
       Kite shield       |     1 |     8 ||     9

Table legend: (Time is in decaauts)
 A = Elapsed time spent in this place.
 B = Non-inter-level travel time spent in this place.
 C = Inter-level travel time spent in this place.
 D = Time resting spent in this place.
 E = Time spent auto-exploring this place.
 F = Levels seen in this place.
 G = Mean time per level.
                   A        B        C        D        E       F      G
               +--------+--------+--------+--------+--------+-----+--------+
         Total |   1566 |   1566 |      0 |      0 |      0 |   3 |  522.0 |
       Dungeon |   1566 |   1566 |      0 |      0 |      0 |   3 |  522.0 |
               +--------+--------+--------+--------+--------+-----+--------+

Top non-repeatable levels by time:
     D:2: 713 daAuts
     D:1: 555 daAuts
     D:3: 298 daAuts
